 Dungeon Crawl Stone Soup version 0.24.0-10-g970556be89 (webtiles) character file.

Game seed: 10182318068519740926, levelgen mode: deterministic

297 Delamore the Chopper (level 6, -8/55 HPs)
             Began as a Hill Orc Monk on Nov 3, 2019.
             Was a Priest of Beogh.
             Mangled by an ogre
             ... wielding a +0 giant club
              (13 damage)
             ... on level 4 of the Dungeon.
             The game lasted 00:06:35 (3429 turns).

Delamore the Chopper (Hill Orc Monk)                Turns: 3429, Time: 00:06:35

Health: -8/55      AC:  9    Str: 16    XL:     6   Next: 35%
Magic:  6/6        EV:  8    Int: 10    God:    Beogh [***...]
Gold:   247        SH:  0    Dex: 13    Spells: 5/5 levels left

rFire    . . .     SeeInvis .   a - +0 hand axe
rCold    . . .     Gourm    .   (no shield)
rNeg     . . .     Faith    .   m - +0 chain mail
rPois    .         Spirit   .   i - +0 helmet
rElec    .         Reflect  .   (no cloak)
rCorr    .         Harm     .   (no gloves)
MR       .....                  (no boots)
Stlth    ..........             (no amulet)
HPRegen  0.18/turn              (no ring)
MPRegen  0.10/turn              (no ring)

@: flying
A: no striking features
a: Smiting, Renounce Religion


You were on level 4 of the Dungeon.
You worshipped Beogh.
Beogh was most pleased with you.
You were not hungry.

You visited 1 branch of the dungeon, and saw 4 of its levels.

You collected 247 gold pieces.

Inventory:

Hand Weapons
 a - a +0 hand axe (weapon)
 h - a +2 vampiric short sword
Armour
 b - a +0 robe
 i - a +0 helmet (worn)
 m - a +0 chain mail (worn)
Jewellery
 k - an uncursed ring of fire {unknown}
Wands
 o - a wand of polymorph (1)
Scrolls
 d - 2 scrolls of enchant weapon {unknown}
 f - 6 scrolls of identify {unknown}
 g - a scroll of fog {unknown}
 l - 3 scrolls of remove curse {unknown}
 p - 5 scrolls of teleportation {unknown}
Potions
 e - 2 potions of curing
 j - 2 potions of flight
 n - a potion of haste {unknown}
 q - a potion of degeneration {unknown}
 r - a potion of brilliance {unknown}
Comestibles
 c - 5 rations
 s - a chunk of flesh


   Skills:
 + Level 4.9 Fighting
 + Level 6.7 Axes
 + Level 2.4 Armour
 + Level 3.0 Dodging
 + Level 2.1 Stealth


You had 5 spell levels left.
You didn't know any spells.
Your spell library contained the following spells:

 Spells                   Type           Power        Failure   Level  Hunger
 Corona                   Hex            #......      100%        1    ##.....
 Ensorcelled Hibernation  Hex/Ice        #.....       100%        2    ###....
 Confuse                  Hex            #.......     100%        3    ####...
 Dazzling Spray           Conj/Hex       #.....       100%        3    ####...
 Tukima's Dance           Hex            #.......     100%        3    ####...


Dungeon Overview and Level Annotations

Branches:
Dungeon (4/15)             Temple (0/1) D:4

Altars:
Cheibriados
Elyvilon
Gozag
Nemelex Xobeh
Sif Muna


Message History

You barely miss the ogre.
The ogre is moderately wounded.
Your chain mail prevents you from hitting the ogre.
The ogre is moderately wounded.
The ogre hits you with a +0 giant club!!
You are too injured to fight recklessly!
You are too injured to fight recklessly!
You are too injured to fight recklessly!
You are too injured to fight recklessly!
You are too injured to fight recklessly!
You are too injured to fight recklessly!
You barely miss the ogre.
The ogre is moderately wounded.
The ogre hits you with a +0 giant club!!
* * * LOW HITPOINT WARNING * * *
An ogre is nearby!
It was a potion of flight.
You feel very buoyant.
You fly up into the air.
The ogre hits you with a +0 giant club!
You die...

#.# ##+## #...#.##.# #.#
###..[# ###.#.##.# ###.#
###......# ##.#.##.# #...##
.........## ##.......#
#....##.
#...#....####...#.####
........##...##...'.....<..#
#......##.....##..####...#.#
#.#.#.##..#.#..##.# ##.##.#
#....... #.##.O@.# ####.#
#.###...##...##...# #.# #.#
......>......# #.# #.#
..##...##...# #.# .. #.$
##.##....# #.# #. #.#..##.#
#.# # ....# ..# #.# ...# ##


You could see an ogre.

Vanquished Creatures
  A scorpion (D:4)
  An orc priest (D:3)
  A worker ant (D:4)
  8 adders
  6 oozes
  5 worms
  3 dart slugs
  A leopard gecko (D:1)
  6 orcs (D:3)
  A ball python (D:3)
  9 bats
  2 giant cockroaches
  11 goblins
  6 hobgoblins
  5 kobolds
  2 quokkas (D:2)
  4 frilled lizards
  8 rats
80 creatures vanquished.

Vanquished Creatures (others)
  An ooze (D:3)
  3 hobgoblins (D:3)
4 creatures vanquished.

Grand Total: 84 creatures vanquished

Notes
Turn   | Place    | Note
-------+----------+-------------------------------------------
     0 | D:1      | Delamore the Hill Orc Monk began the quest for the Orb.
     0 | D:1      | Reached XP level 1. HP: 19/19 MP: 1/1
    54 | D:1      | Reached XP level 2. HP: 12/27 MP: 2/2
   412 | D:1      | Reached XP level 3. HP: 31/33 MP: 3/3
   803 | D:2      | You fall into a shaft and drop 1 floor!
   804 | D:3      | Became a worshipper of Beogh the Brigand
   804 | D:3      | Reached * piety under Beogh
   804 | D:3      | Reached ** piety under Beogh
   809 | D:3      | Reached skill level 5 in Axes
   809 | D:3      | Reached XP level 4. HP: 37/40 MP: 4/4
  1008 | D:3      | Found a shimmering blue altar of Sif Muna.
  1433 | D:3      | HP: 2/41 [orc priest/divine providence (8)]
  1442 | D:3      | Reached XP level 5. HP: 22/47 MP: 5/5
  2056 | D:2      | Reached skill level 1 in Armour
  2079 | D:2      | Reached skill level 6 in Axes
  2422 | D:2      | Reached *** piety under Beogh
  2676 | D:2      | Found a snail-covered altar of Cheibriados.
  2677 | D:2      | Found a white marble altar of Elyvilon.
  2778 | D:2      | Found a sparkling altar of Nemelex Xobeh.
  2778 | D:2      | Found an opulent altar of Gozag.
  2798 | D:2      | Reached XP level 6. HP: 42/55 MP: 6/6
  3416 | D:4      | Found a staircase to the Ecumenical Temple.
  3429 | D:4      | Mangled by an ogre

Levels and vault maps discovered:
D:1:      dpeg_arrival_short_road, layout_basic, minmay_pentomino_u2
D:2:      layout_rooms, grunt_temple_overflow_opulence,
          gammafunk_temple_overflow_statue, first_ration
D:3:      minmay_evil_eye, layout_loops_ring, nicolae_overflow_crystal_walls
D:4:      layout_loops_corners, lemuel_crystal_altar, minmay_temple_entry_waves

Skill      XL: |  1  2  3  4  5  6 |
---------------+-------------------+-----
Fighting       | 4 |  4.9
Axes           | 5 6 |  6.7
Dodging        | 3 |  3.0
Stealth        | 2 |  2.1
Armour         | 1 2 |  2.4

Action                   |  1- 3 |  4- 6 || total
-------------------------+-------+-------++-------
Melee: Hand axe          |    77 |   263 ||   340
Invok: Convert to Beogh  |     1 |       ||     1
  Use: Potion            |       |     4 ||     4
 Stab: Sleeping          |     2 |       ||     2
       Invisible         |       |     3 ||     3
  Eat: Chunk             |       |     5 ||     5
       Ration            |       |     1 ||     1
Armor: Robe              |    12 |       ||    12
       Chain mail        |    13 |   142 ||   155
Dodge: Dodged            |    53 |    93 ||   146
